 Dungeon Crawl Stone Soup version 0.23.2-40-g277498a001 (webtiles) character file.

Game seed: 16326915468146832973

56 Chiseanne the Grasshopper (level 3, 0/25 HPs)
             Began as an Octopode Warper on Oct 11, 2019.
             Succumbed to an adder's poison
             ... on level 2 of the Dungeon.
             The game lasted 00:02:27 (881 turns).

Chiseanne the Grasshopper (Octopode Warper)          Turns: 881, Time: 00:02:28

Health: 0/25       AC:  1    Str: 10    XL:     3   Next: 97%
Magic:  6/6        EV: 14    Int: 16    God:
Gold:   96         SH:  0    Dex: 11    Spells: 7/7 levels left

rFire    . . .     SeeInvis .   a - +0 falchion
rCold    . . .     Gourm    .   (no shield)
rNeg     . . .     Faith    .   (helmet restricted)
rPois    .         Spirit   .   (no amulet)
rElec    .         Reflect  .   (no ring)
rCorr    .         Harm     .   (no ring)
MR       .....                  (no ring)
Stlth    +++.......             (no ring)
HPRegen  0.08/turn              (no ring)
MPRegen  0.10/turn              (no ring)
                                (no ring)
                                (no ring)

@: lethally poisoned (0 -> -5), very slightly contaminated, hasted, invisible,
very quick
A: almost no armour, stealthy swim, amphibious, 8 rings, constrict 8, camouflage
1, gelatinous body 1
a: no special abilities


You were on level 2 of the Dungeon.
You were not hungry.

You visited 1 branch of the dungeon, and saw 2 of its levels.

You collected 96 gold pieces.

Inventory:

Hand Weapons
 a - a +0 falchion (weapon)
Missiles
 d - 5 tomahawks of dispersal (quivered)
 i - 7 needles of sleeping
 l - 23 stones
 m - 20 arrows
Scrolls
 c - a scroll of blinking
Comestibles
 f - 5 rations
 j - a chunk of flesh


   Skills:
 * Level 2.7 Fighting
 - Level 2.0 Long Blades
 - Level 1.0 Throwing
 * Level 2.9 Dodging
 * Level 2.2 Stealth
 * Level 2.5 Spellcasting
   Level 3.0 Translocations


You had 7 spell levels left.
You didn't know any spells.
Your spell library contained the following spells:

 Spells                   Type           Power        Failure   Level  Hunger
 Blink                    Tloc           N/A          9%          2    ##.....
 Shroud of Golubria       Chrm/Tloc      #.........   16%         2    ##.....
 Gell's Gravitas          Tloc           ##........   17%         3    ###....
 Lesser Beckoning         Tloc           ##........   17%         3    ###....
 Teleport Other           Tloc           ##......     17%         3    ###....
 Passage of Golubria      Tloc           N/A          50%         4    #####..


Dungeon Overview and Level Annotations

Branches:
Dungeon (2/15)

Altars:
Uskayaw
The Shining One

Annotations:
D:2 Terence


Innate Abilities, Weirdness & Mutations

You cannot wear most types of armour.
You are very stealthy in the water. (Stealth+)
You are amphibious.
You can wear up to eight rings at the same time.
You can use your tentacles to constrict eight enemies at once.
Your skin changes colour to match your surroundings (Stealth+).
Your rubbery body absorbs attacks. (AC +1, EV +1)


Message History

You hit the worm but do no damage. You squeeze the worm, but do no damage.
The worm is lightly wounded.
You hit the worm.
The worm is moderately wounded.
You constrict the worm. You hit the worm.
The worm is heavily wounded.
You constrict the worm.
* * * LOW HITPOINT WARNING * * *
You feel sick. The worm barely misses you.
You riposte.
You hit the worm.
The worm is almost dead.
You hit the worm but do no damage.
The worm is almost dead.
You constrict the worm. You hit the worm.
You kill the worm!
* * * LOW HITPOINT WARNING * * *
You feel sick.
A worm comes into view.
You die...

..# ###.....#......###
.. ...............>.. .#
.......$.........# $
..................# .
##...................#..
....#.#....<............
....._....†...........w.
....#.#..............#..
.[......<.......@.......
............##..........
.............##.........
........#..#.##.........
........#.......##....(.
.......##.#....## ......
#.....##......... ......
....÷##.......... ......
.............## (..


You could see a worm (wandering).

Vanquished Creatures
  3 adders
  A worm (D:2)
  3 bats
  A giant cockroach (D:1)
  6 goblins
  6 hobgoblins (D:1)
  4 frilled lizards
  2 rats
26 creatures vanquished.

Notes
Turn   | Place    | Note
-------+----------+-------------------------------------------
     0 | D:1      | Chiseanne the Octopode Warper began the quest for the Orb.
     0 | D:1      | Reached XP level 1. HP: 14/14 MP: 3/3
   144 | D:1      | Reached skill level 1 in Stealth
   144 | D:1      | Reached XP level 2. HP: 19/19 MP: 5/5
   601 | D:2      | Found a hide-covered altar of Uskayaw.
   608 | D:2      | Reached XP level 3. HP: 18/25 MP: 6/6
   734 | D:2      | Found a glowing golden altar of the Shining One.
   797 | D:2      | Noticed Terence
   844 | D:2      | HP: 1/25 [adder (2)]
   877 | D:2      | HP: 1/25 [poisoned by an adder]
   881 | D:2      | Succumbed to an adder's poison

Skill      XL: |  1  2  3 |
---------------+----------+-----
Stealth        | 1 2 |  2.2
Fighting       | |  2.7
Long Blades    | |  2.0
Throwing       | |  1.0
Dodging        | |  2.9
Spellcasting   | |  2.5
Translocations | |  3.0

Action                   || total
-------------------------++-------
Melee: Falchion          ||    45
       Constrict         ||    12
       Tentacles         ||    11
  Use: Potion            ||     4
       Scroll            ||     2
 Stab: Sleeping          ||     5
       Distracted        ||     1
       Invisible         ||     1
Armor: Skin              ||     6
Dodge: Dodged            ||    44
       Rpst.: Falchion   ||    12
